 Dungeon Crawl Stone Soup version 0.28-a0-1613-gdaab1c2f9b (webtiles) character file.

Game seed: 346424270301028480

4 murtidash the Chiller (level 1, -2/14 HPs)
             Began as a Demigod Ice Elementalist on Jan 22, 2022.
             Slain by a worm (10 damage)
             ... on level 1 of the Dungeon.
             The game lasted 00:00:20 (315 turns).

murtidash the Chiller (Demigod Ice Elementalist)     Turns: 315, Time: 00:00:20

Health: -2/14      AC:  2    Str:  9    XL:     1   Next: 46%
Magic:  2/5        EV: 12    Int: 17    God:
Gold:   18         SH:  0    Dex: 14    Spells: 3/4 levels left

rFire   . . .      SeeInvis .   d - +0 club
rCold   . . .      Faith    .   (no shield)
rNeg    . . .      Spirit   .   a - +0 robe
rPois   .          Reflect  .   (no helmet)
rElec   .          Harm     .   (no cloak)
rCorr   .          Rampage  .   (no gloves)
Will    .....                   (no boots)
Stlth   ++........              (no amulet)
HPRegen 0.04/turn               (no ring)
MPRegen 0.09/turn               (no ring)

@: no status effects
A: high mp 1, forlorn, divine attributes
a: no special abilities


You were on level 1 of the Dungeon.
You visited 1 branch of the dungeon, and saw 1 of its levels.

You collected 18 gold pieces.

Inventory:

Hand Weapons
 d - a +0 club (weapon)
   (You took it off a kobold on level 1 of the Dungeon)
Armour
 a - a +0 robe (worn)
Scrolls
 b - 2 scrolls of identify {unknown}
 e - a scroll of immolation {unknown}
Potions
 c - a potion of haste {unknown}


   Skills:
 - Level 1.7 Dodging
 - Level 1.7 Stealth
 + Level 2.0 Spellcasting
 + Level 3.7 Ice Magic


You had 3 spell levels left.
You knew the following spells:

 Your Spells              Type           Power      Damage    Failure   Level
a - Freeze                Ice            56%        1d7       4%          1

Your spell library contained the following spells:

 Spells                   Type           Power      Damage    Failure   Level
 Frozen Ramparts          Ice            28%        1d4       12%         3
 Ozocubu's Armour         Ice            14%        N/A       12%         3
 Hailstorm                Conj/Ice       8%         3d4       65%         4


Dungeon Overview and Level Annotations

Branches:
Dungeon (1/15)


Innate Abilities, Weirdness & Mutations

You have an increased reservoir of magic. (+10% MP)
You shall have no god before yourself.
Your divine heritage dramatically boosts your attributes as you level up.


Message History

Welcome, murtidash the Demigod Ice Elementalist.
The majestic Orb of Zot lies far below, as if waiting for you to find it.
Found 2 scrolls labelled ZITESU IGHAKHE and 15 stones.
Found a staircase leading out of the dungeon.
Lua error: attempt to yield across metamethod/C-call boundary
b - 2 scrolls labelled ZITESU IGHAKHE You open the door.
There is an open door here.
Found a stone staircase leading down.
A quokka comes into view.
A quokka is nearby!
You see here 10 gold pieces.
Aim: a quokka (asleep)
You freeze the quokka. The quokka completely misses you.
You now have 4/5 mp.
Aim: a quokka (heavily wounded)
You freeze the quokka.
You kill the quokka!
You now have 3/5 mp.
You can't see any susceptible monsters within range! (Use Z to cast anyway.)
You can't see any susceptible monsters within range! (Use Z to cast anyway.)
You now have 10 gold pieces.
You now have 18 gold pieces (gained 8).
You open the door.
There is an open door here.
c - a green potion MP restored: 5
Found a stone staircase leading down. 2 quokkas come into view.
The quokka bites you.
You take 2 damage, and have 12/14 hp.
You hit the quokka. The quokka barely misses you.
Aim: a quokka (moderately wounded)
You freeze the quokka. The quokka misses you.
You now have 4/5 mp.
Aim: a quokka (severely wounded)
You freeze the quokka.
You kill the quokka!
You now have 3/5 mp.
You can't see any susceptible monsters within range! (Use Z to cast anyway.)
You hit the quokka but do no damage. The quokka barely misses you.
The quokka closely misses you.
Aim: a quokka You freeze the quokka.
The quokka bites you.
You take 1 damage, and have 11/14 hp.
You now have 2/5 mp.
Aim: a quokka (severely wounded)
You freeze the quokka.
You kill the quokka!
You now have 1/5 mp.
You can't see any susceptible monsters within range! (Use Z to cast anyway.)
A kobold comes into view. It is wielding a +0 club.
The kobold shouts!
The kobold moves out of view.
Health restored: 14; MP restored: 5
Found an escape hatch in the floor.
Aim: a kobold, wielding a +0 club and quivering stones You freeze the kobold.
The kobold closely misses you.
You now have 4/5 mp.
Aim: a kobold, wielding a +0 club and quivering stones (moderately wounded)
You freeze the kobold!
You kill the kobold!
Your Spellcasting skill increases to level 2!
You now have 3/5 mp.
You can't see any susceptible monsters within range! (Use Z to cast anyway.)
You can't see any susceptible monsters within range! (Use Z to cast anyway.)
Things that are here:
a +0 club; 2 stones; MP restored: 5
d - a +0 club
d - a +0 club (weapon)
e - a scroll labelled XAUCANN PURUADD You open the door.
There is an open door here.
Found a stone staircase leading down.
A worm comes into view.
You hit the worm. The worm closely misses you.
You barely miss the worm. You hit the worm. The worm closely misses you.
You hit the worm. The worm bites you.
You take 6 damage, and have 8/14 hp.
MASSIVE DAMAGE!!
You are too injured to fight recklessly!
You are too injured to fight recklessly!
You are too injured to fight recklessly!
You are too injured to fight recklessly!
You are too injured to fight recklessly!
You are too injured to fight recklessly!
Aim: a worm (moderately wounded)
You freeze the worm. The worm closely misses you.
You now have 4/5 mp.
Aim: a worm (moderately wounded)
You freeze the worm.
You now have 3/5 mp.
Aim: a worm (heavily wounded)
You freeze the worm. The worm bites you!
Ouch! That really hurt!
You die...

##.# #.# #.#.. ###.#
#.#.. .##.## #.#.#
.....# ##...## ..##.#
##.....##
...#.######..^....##
...#.....#....^.>..#
...+............@w!##
...#................#
...#.....#.^.......##
..##.#####^........#
..'......##...^.^.##
.##......###.....##
##...##..# ##...##
.....##.## #####
........#


You could see a worm.

Vanquished Creatures
  3 quokkas (D:1)
  A kobold (D:1)
4 creatures vanquished.

Notes
Turn   | Place    | Note
-------+----------+-------------------------------------------
     0 | D:1      | murtidash the Demigod Ice Elementalist began the quest for
                  | the Orb.
     0 | D:1      | Reached XP level 1. HP: 14/14 MP: 5/5
   210 | D:1      | Reached skill level 2 in Spellcasting
   315 | D:1      | Slain by a worm

Illustrated notes

Levels and vault maps discovered:
D:1:      dpeg_arrival_stone_temple_mockup, layout_basic,
          ebering_ecumenical_altar_mist, minmay_misc_feat_nine_boxes,
          nicolae_wormholes

Skill      XL: |  1 |
---------------+----+-----
Spellcasting   | 2 |  2.0
Dodging        | |  1.7
Stealth        | |  1.7
Ice Magic      | |  3.7

Action                   || total
-------------------------++-------
Melee: Club              ||     4
       Unarmed           ||     2
 Cast: Freeze            ||    11
Dodge: Dodged            ||     9

Table legend: (Time is in decaauts)
 A = Elapsed time spent in this place.
 B = Non-inter-level travel time spent in this place.
 C = Inter-level travel time spent in this place.
 D = Time resting spent in this place.
 E = Time spent auto-exploring this place.
 F = Levels seen in this place.
 G = Mean time per level.
                   A        B        C        D        E       F      G
               +--------+--------+--------+--------+--------+-----+--------+
         Total |    315 |    315 |      0 |      0 |    274 |   1 |  315.0 |
       Dungeon |    315 |    315 |      0 |      0 |    274 |   1 |  315.0 |
               +--------+--------+--------+--------+--------+-----+--------+

Top non-repeatable levels by time:
     D:1: 315 daAuts

Table legend:
 A = Kills in this place as a percentage of kills in entire the game.
 B = Kills by you in this place as a percentage of kills by you in the entire game.
 C = Kills by friends in this place as a percentage of kills by friends in the entire game.
 D = Other kills in this place as a percentage of other kills in the entire game.
 E = Experience gained in this place as a percentage of experience gained in the entire game.
 F = Experience gained in this place divided by the number of levels of this place that you have seen.
                   A       B       C       D       E      F
               +-------+-------+-------+-------+-------+----------------------
         Total | 100.0 | 100.0 |   N/A |   N/A | 100.0 |   7.0
       Dungeon | 100.0 | 100.0 |   N/A |   N/A | 100.0 |   7.0
               +-------+-------+-------+-------+-------+----------------------
